[ AOE2 MATCH · #504684531 ]
UnrankedChinese vs Persians
Player's team · LOSS
Rival team · WIN
[ REPLAY ANALYSIS · EXTRACTED FROM THE RECORDED GAME ]
Feudal
9:34
Castle
31:48
Imperial
—
| APM avg | 51.9 |
| APM peak | 88 |
| eAPM avg | 18.3 |
| Villagers / military | 50 / 38 |
Focus
⚔️ 24.8% · 🌾 75.2%
Scout Cavalry ×15 · Archer ×13 · Spearman ×6 · Skirmisher ×2 · Cavalry Archer ×2
Feudal
13:53
Castle
19:01
Imperial
—
| APM avg | 65.9 |
| APM peak | 135 |
| eAPM avg | 41.0 |
| Villagers / military | 107 / 49 |
Focus
⚔️ 49.8% · 🌾 50.2%
Spearman ×22 · Militia ×13 · Mangonel ×8 · Scorpion ×4 · Battering Ram ×2
Match map
Initial resources + every placement click. Lines = walls · curves = elevation contours. ◆ gold · ⬟ stone · ● berries · ✦ relic · ◌ wall gap
Your base· Open — unwalled flank
Lespaul's base· Open — 2t gap
Smoothed initial terrain · ◌ = detected wall gap · hover for details
Inputs per minute
— se7e - - Lespaul
Build order — se7e
First 150 of 161 actions detected
| 0:02 | Research | Loom |
| 0:56 | Create | Villager (Male) |
| 1:23 | Create | Villager (Male) |
| 1:50 | Create | Villager (Male) |
| 2:14 | Create | Villager (Male) |
| 2:14 | Create | Villager (Male) |
| 2:25 | Build | Lumber Camp |
| 2:40 | Create | Villager (Male) |
| 2:40 | Create | Villager (Male) |
| 3:06 | Create | Villager (Male) |
| 3:06 | Create | Villager (Male) |
| 3:19 | Build | House |
| 3:30 | Create | Villager (Male) |
| 3:30 | Create | Villager (Male) |
| 3:58 | Create | Villager (Male) |
| 4:12 | Create | Villager (Male) |
| 4:47 | Create | Villager (Male) |
| 4:48 | Create | Villager (Male) |
| 5:10 | Create | Villager (Male) |
| 5:45 | Create | Villager (Male) |
| 5:52 | Build | Mill |
| 6:49 | Build | House |
| 7:24 | Research | Feudal Age |
| 7:24 | Research | Feudal Age |
| 9:20 | Build | Barracks |
| 9:33 | Create | Villager (Male) |
| 9:34 | Age | Feudal Age |
| 9:43 | Build | Palisade Wall |
| 9:58 | Build | Stable |
| 10:02 | Create | Villager (Male) |
| 10:31 | Create | Scout Cavalry |
| 10:31 | Create | Scout Cavalry |
| 10:41 | Build | Farm |
| 10:56 | Build | Mill |
| 11:23 | Build | Farm |
| 11:31 | Create | Villager (Male) |
| 11:32 | Create | Villager (Male) |
| 11:50 | Create | Villager (Male) |
| 11:55 | Build | Farm |
| 12:18 | Create | Villager (Male) |
| 12:18 | Create | Villager (Male) |
| 12:28 | Create | Villager (Male) |
| 12:42 | Create | Villager (Male) |
| 12:54 | Build | House |
| 13:15 | Create | Villager (Male) |
| 13:19 | Build | Archery Range |
| 13:33 | Create | Villager (Male) |
| 13:57 | Create | Villager (Male) |
| 14:01 | Research | Double-Bit Axe |
| 14:17 | Build | Watch Tower |
| 14:28 | Create | Archer |
| 14:28 | Create | Skirmisher |
| 14:43 | Create | Scout Cavalry |
| 14:52 | Create | Villager (Male) |
| 14:52 | Create | Villager (Male) |
| 15:17 | Build | Mining Camp |
| 15:25 | Create | Villager (Male) |
| 15:26 | Create | Villager (Male) |
| 15:39 | Build | Mining Camp |
| 16:20 | Create | Skirmisher |
| 16:20 | Create | Villager (Male) |
| 16:24 | Build | House |
| 16:25 | Build | House |
| 16:59 | Build | House |
| 16:59 | Create | Villager (Male) |
| 17:03 | Create | Archer |
| 17:03 | Create | Archer |
| 17:37 | Build | Watch Tower |
| 17:43 | Create | Archer |
| 17:44 | Create | Villager (Male) |
| 18:01 | Create | Villager (Male) |
| 18:04 | Build | Blacksmith |
| 18:18 | Create | Scout Cavalry |
| 18:18 | Create | Scout Cavalry |
| 18:23 | Build | House |
| 18:58 | Create | Archer |
| 19:15 | Create | Spearman |
| 19:15 | Create | Archer |
| 19:16 | Create | Archer |
| 19:36 | Create | Spearman |
| 19:37 | Create | Archer |
| 19:37 | Create | Villager (Male) |
| 19:53 | Create | Spearman |
| 20:11 | Build | Farm |
| 20:13 | Build | Farm |
| 20:15 | Build | Farm |
| 20:37 | Research | Fletching |
| 21:11 | Create | Archer |
| 21:21 | Create | Villager (Male) |
| 21:23 | Create | Spearman |
| 21:24 | Build | Farm |
| 21:38 | Build | Palisade Wall |
| 21:39 | Build | Palisade Wall |
| 21:47 | Research | Scale Mail Armor |
| 21:47 | Create | Villager (Male) |
| 21:49 | Build | Farm |
| 22:07 | Create | Villager (Male) |
| 22:12 | Build | Farm |
| 22:46 | Build | Watch Tower |
| 22:59 | Create | Spearman |
| 22:59 | Create | Spearman |
| 23:08 | Create | Villager (Male) |
| 23:08 | Create | Villager (Male) |
| 23:15 | Build | Watch Tower |
| 23:25 | Create | Villager (Male) |
| 23:35 | Build | House |
| 23:35 | Build | House |
| 23:36 | Build | House |
| 24:48 | Create | Villager (Male) |
| 24:51 | Create | Scout Cavalry |
| 25:09 | Create | Villager (Male) |
| 25:12 | Build | Farm |
| 25:12 | Build | Farm |
| 25:15 | Create | Villager (Male) |
| 25:16 | Research | Town Watch |
| 25:18 | Build | Farm |
| 25:19 | Build | Farm |
| 25:32 | Build | Stable |
| 25:32 | Create | Villager (Male) |
| 25:35 | Build | Farm |
| 25:36 | Build | Farm |
| 25:42 | Build | Lumber Camp |
| 26:11 | Create | Scout Cavalry |
| 26:26 | Build | Farm |
| 26:27 | Build | Farm |
| 26:32 | Create | Scout Cavalry |
| 26:53 | Build | Market |
| 27:04 | Create | Archer |
| 27:10 | Create | Scout Cavalry |
| 27:10 | Create | Scout Cavalry |
| 27:13 | Build | Farm |
| 27:17 | Build | Farm |
| 27:27 | Create | Scout Cavalry |
| 27:32 | Create | Villager (Male) |
| 27:36 | Build | Farm |
| 27:53 | Create | Archer |
| 28:01 | Build | Watch Tower |
| 29:01 | Create | Archer |
| 29:08 | Research | Castle Age |
| 29:08 | Research | Castle Age |
| 29:15 | Build | Farm |
| 29:24 | Create | Scout Cavalry |
| 29:35 | Build | Watch Tower |
| 29:52 | Create | Archer |
| 30:04 | Create | Scout Cavalry |
| 30:05 | Create | Scout Cavalry |
| 30:19 | Research | Gold Mining |
| 30:24 | Build | Farm |
| 30:36 | Create | Scout Cavalry |
| 31:07 | Build | Archery Range |
Build order — Lespaul
First 150 of 286 actions detected
| 0:01 | Create | Villager (Male) |
| 0:02 | Build | House |
| 0:03 | Build | House |
| 0:06 | Create | Villager (Male) |
| 0:06 | Create | Villager (Male) |
| 0:13 | Create | Villager (Male) |
| 0:13 | Create | Villager (Male) |
| 1:32 | Create | Villager (Male) |
| 1:32 | Create | Villager (Male) |
| 1:33 | Create | Villager (Male) |
| 1:56 | Build | Lumber Camp |
| 2:09 | Create | Villager (Male) |
| 2:09 | Create | Villager (Male) |
| 2:09 | Create | Villager (Male) |
| 2:09 | Create | Villager (Male) |
| 2:23 | Create | Villager (Male) |
| 2:24 | Create | Villager (Male) |
| 2:56 | Create | Villager (Male) |
| 2:56 | Create | Villager (Male) |
| 2:57 | Create | Villager (Male) |
| 3:03 | Build | House |
| 3:25 | Create | Villager (Male) |
| 3:25 | Create | Villager (Male) |
| 3:25 | Create | Villager (Male) |
| 4:02 | Create | Villager (Male) |
| 4:12 | Build | Barracks |
| 4:15 | Build | Palisade Wall |
| 4:16 | Build | Palisade Wall |
| 4:18 | Build | Palisade Wall |
| 4:41 | Build | House |
| 4:46 | Create | Villager (Male) |
| 4:48 | Create | Villager (Male) |
| 4:51 | Create | Villager (Male) |
| 5:10 | Create | Militia |
| 5:10 | Create | Militia |
| 5:10 | Create | Militia |
| 5:26 | Create | Militia |
| 5:26 | Create | Militia |
| 5:26 | Create | Militia |
| 5:26 | Create | Militia |
| 5:52 | Build | Mill |
| 5:55 | Create | Militia |
| 6:00 | Create | Villager (Male) |
| 6:10 | Build | House |
| 6:24 | Create | Villager (Male) |
| 6:24 | Create | Villager (Male) |
| 6:57 | Create | Militia |
| 6:57 | Create | Militia |
| 6:57 | Create | Militia |
| 6:57 | Create | Militia |
| 6:57 | Create | Militia |
| 6:59 | Create | Villager (Male) |
| 6:59 | Create | Villager (Male) |
| 7:16 | Create | Villager (Male) |
| 7:16 | Create | Villager (Male) |
| 7:16 | Create | Villager (Male) |
| 7:34 | Build | Mill |
| 7:55 | Create | Villager (Male) |
| 7:55 | Create | Villager (Male) |
| 7:56 | Create | Villager (Male) |
| 8:23 | Create | Villager (Male) |
| 8:24 | Create | Villager (Male) |
| 8:24 | Create | Villager (Male) |
| 8:26 | Build | House |
| 9:23 | Create | Villager (Male) |
| 9:37 | Create | Villager (Male) |
| 9:41 | Build | Palisade Wall |
| 9:42 | Build | Palisade Wall |
| 9:49 | Create | Villager (Male) |
| 9:51 | Build | Farm |
| 10:09 | Build | Farm |
| 10:11 | Build | Farm |
| 10:12 | Build | Farm |
| 10:20 | Build | Palisade Wall |
| 10:22 | Build | Palisade Wall |
| 10:29 | Create | Villager (Male) |
| 10:32 | Build | Farm |
| 10:35 | Create | Villager (Male) |
| 10:39 | Build | Palisade Wall |
| 10:44 | Build | House |
| 10:52 | Create | Villager (Male) |
| 11:06 | Build | Mining Camp |
| 11:11 | Build | Palisade Wall |
| 11:18 | Build | House |
| 11:36 | Build | Palisade Wall |
| 11:38 | Build | Palisade Wall |
| 11:42 | Build | Palisade Wall |
| 11:44 | Build | Palisade Wall |
| 11:49 | Research | Feudal Age |
| 11:49 | Research | Feudal Age |
| 11:49 | Research | Feudal Age |
| 11:56 | Build | Farm |
| 12:15 | Build | Farm |
| 12:17 | Build | Farm |
| 12:21 | Build | Farm |
| 12:44 | Create | Villager (Male) |
| 12:47 | Build | House |
| 13:13 | Build | Farm |
| 13:16 | Create | Villager (Male) |
| 13:25 | Research | Loom |
| 13:25 | Create | Villager (Male) |
| 13:39 | Create | Villager (Male) |
| 13:53 | Age | Feudal Age |
| 13:54 | Research | Man-at-Arms (upgrade) |
| 13:55 | Research | Man-at-Arms (upgrade) |
| 13:58 | Create | Spearman |
| 14:12 | Create | Villager (Male) |
| 14:32 | Create | Villager (Male) |
| 14:33 | Create | Spearman |
| 14:35 | Create | Villager (Male) |
| 14:44 | Build | Lumber Camp |
| 14:49 | Build | Stable |
| 14:49 | Create | Villager (Male) |
| 15:02 | Create | Villager (Male) |
| 15:07 | Build | Market |
| 15:19 | Build | Farm |
| 15:35 | Build | House |
| 15:44 | Create | Spearman |
| 16:13 | Build | Watch Tower |
| 16:36 | Research | Castle Age |
| 16:36 | Research | Castle Age |
| 16:36 | Research | Castle Age |
| 16:36 | Research | Castle Age |
| 17:05 | Create | Villager (Male) |
| 17:11 | Build | Mining Camp |
| 17:14 | Build | Mining Camp |
| 17:20 | Research | Double-Bit Axe |
| 17:21 | Research | Double-Bit Axe |
| 17:27 | Build | Farm |
| 17:52 | Build | Watch Tower |
| 18:04 | Create | Villager (Male) |
| 18:07 | Research | Horse Collar |
| 18:23 | Build | Lumber Camp |
| 18:49 | Create | Villager (Male) |
| 19:01 | Age | Castle Age |
| 19:06 | Build | Blacksmith |
| 19:37 | Build | Farm |
| 19:48 | Build | Siege Workshop |
| 19:51 | Create | Villager (Male) |
| 20:01 | Create | Villager (Male) |
| 20:02 | Build | Farm |
| 20:03 | Build | Farm |
| 20:13 | Create | Villager (Male) |
| 20:40 | Create | Scorpion |
| 20:43 | Build | House |
| 21:09 | Build | House |
| 21:11 | Create | Scorpion |
| 21:16 | Create | Villager (Male) |
| 21:16 | Create | Villager (Male) |
| 21:16 | Create | Villager (Male) |
Match timeline
| 4:12 | Lespaul · first_building Barracks |
| 4:15 | Lespaul · wall_segment Palisade Wall x1 |
| 4:16 | Lespaul · wall_segment Palisade Wall x1 |
| 4:18 | Lespaul · wall_segment Palisade Wall x1 |
| 9:20 | se7e · first_building Barracks |
| 9:34 | se7e · age_up feudal |
| 9:41 | Lespaul · wall_segment Palisade Wall x9 |
| 9:42 | Lespaul · wall_segment Palisade Wall x1 |
| 9:43 | se7e · wall_segment Palisade Wall x1 |
| 9:58 | se7e · first_building Stable |
| 10:20 | Lespaul · wall_segment Palisade Wall x1 |
| 10:22 | Lespaul · wall_segment Palisade Wall x4 |
| 10:39 | Lespaul · wall_segment Palisade Wall x8 |
| 11:11 | Lespaul · wall_segment Palisade Wall x9 |
| 11:36 | Lespaul · wall_segment Palisade Wall x1 |
| 11:38 | Lespaul · wall_segment Palisade Wall x1 |
| 11:42 | Lespaul · wall_segment Palisade Wall x1 |
| 11:44 | Lespaul · wall_segment Palisade Wall x1 |
| 13:19 | se7e · first_building Archery Range |
| 13:53 | Lespaul · age_up feudal |
| 14:49 | Lespaul · first_building Stable |
| 17:50 | Lespaul · first_market_buy 100 stone |
| 19:01 | Lespaul · age_up castle |
| 19:48 | Lespaul · first_building Siege Workshop |
| 21:38 | se7e · wall_segment Palisade Wall x2 |
| 21:39 | se7e · wall_segment Palisade Wall x1 |
| 28:46 | se7e · first_market_buy 100 food |
| 29:07 | se7e · first_market_sell 100 stone |
| 29:10 | Lespaul · first_building Monastery |
| 31:48 | se7e · age_up castle |
| 32:31 | se7e · resign |
[ AI ANALYSIS · 1 CREDIT ]
What really happened in this match?
Wolo.gg analyzes every decision: build order, eco, micro, common mistakes by bracket. Personalized analysis on WhatsApp or Discord in 30 seconds.
Civ guide
Chinese
Perfil
Jugador #675842